 Dungeon Crawl Stone Soup version 0.31-a0-963-ga325b2283a (webtiles) character file.

Game seed: 14770390998652263096

396 Maxmaps the Changeling (level 6, 0/38 HPs)
             Began as an Octopode Shapeshifter on Oct 25, 2023.
             Slain by a gnoll
             ... wielding a +0 spear
             ... led by a gnoll bouda
              (4 damage)
             ... on level 4 of the Dungeon.
             The game lasted 00:03:56 (3639 turns).

Maxmaps the Changeling (Octopode Shapeshifter)      Turns: 3639, Time: 00:03:57

Health: 0/38       AC:  1    Str: 13    XL:     6   Next: 83%
Magic:  6/6        EV: 13    Int: 14    God:
Gold:   203        SH:  0    Dex: 18    Spells: 5/5 levels left

rFire   . . .        i - +2 dagger (venom)
rCold   . . .        (no shield)
rNeg    . . .        (helmet currently unavailable)
rPois   .            (no amulet)
rElec   .            d - +6 ring of dexterity
rCorr   .            (no ring)
SInv    .            (no ring)
Will    .....        (no ring)
Stlth   +++          (no ring)
HPRegen 0.26/turn    (no ring)
MPRegen 0.10/turn    (no ring)
                     (no ring)

%: no passive effects
@: beast-form
A: beast (slay +2), almost no armour, amphibious, 8 rings, camouflage 1,
gelatinous body 1, (nimble swimmer 1), tentacles
a: Begin Untransformation


You were on level 4 of the Dungeon.
You were a hulking beast.
You visited 1 branch of the dungeon, and saw 4 of its levels.
You also visited: Sewer.

You collected 203 gold pieces.

Inventory:

Hand Weapons
 i - a +2 dagger of venom (weapon)
Jewellery
 d - a +6 ring of dexterity (left tentacle)
Talismans
 b - a beast talisman
 c - a flux talisman
 o - a storm talisman
Scrolls
 e - 2 scrolls of teleportation
 j - a scroll of summoning
 n - a scroll of enchant weapon {unknown}
Potions
 g - a potion of attraction
 h - a potion of haste {unknown}
 k - 2 potions of mutation
 l - 2 potions of invisibility
 m - 2 potions of enlightenment {unknown}


   Skills:
 - Level 1.0 Fighting
 + Level 4.9 Short Blades
 - Level 2.0 Dodging
 - Level 3.0 Unarmed Combat
 - Level 5.0 Shapeshifting


You had 5 spell levels left.
You didn't know any spells.
Your spell library was empty.

Dungeon Overview and Level Annotations

Branches:
Dungeon (4/15)              Sewer (visited)
 Temple: D:4-7

Altars:
Ashenzari

Shops:
D:2 (


Innate Abilities, Weirdness & Mutations

You are a hulking beast.
Your limbs bulge with bestial killing power. (Slay +2)
You cannot wear most types of armour.
You are amphibious.
You can wear up to eight rings at the same time.
Your skin changes colour to match your surroundings (Stealth+).
Your rubbery body absorbs attacks. (AC +1, EV +1)
((You are camouflaged when in or above water. (Stealth+)))
You have tentacles for arms and can constrict up to eight enemies at once.


Message History

The gnoll bouda looks as sick as possible!
You squeeze the gnoll bouda!
The gnoll bouda is severely wounded.
You constrict the gnoll bouda. You hit the gnoll bouda.
The gnoll bouda looks as sick as possible!
You squeeze the gnoll bouda.
You kill the gnoll bouda!
You hit the quokka.
You kill the quokka!
A goblin comes into view. It is wielding a +0 club.
An adder comes into view.
The gnoll hits you with a +0 club. The gnoll barely misses you.
Things that are here:
a +0 club; a +0 robe You hit the gnoll.
The gnoll is poisoned.
Your grab misses the gnoll.
The gnoll is moderately wounded.
The gnoll hits you with a +0 club!
The gnoll hits you from afar with a +0 spear.
You are too injured to fight recklessly!
You are too injured to fight recklessly!
You hit the gnoll.
The gnoll looks even sicker.
You grab the gnoll.
The gnoll is moderately wounded.
You constrict the gnoll. You puncture the gnoll!
You kill the gnoll!
The gnoll hits you from afar with a +0 spear.
* * * LOW HITPOINT WARNING * * *
You feel better.
The gnoll hits you from afar with a +0 spear!
* * * LOW HITPOINT WARNING * * *
The gnoll hits you with a +0 spear.
* * * LOW HITPOINT WARNING * * *
The gnoll closely misses you.
You see here a +0 club.
You hit the gnoll.
The gnoll is poisoned.
You grab the gnoll. You squeeze the gnoll!
You kill the gnoll!
The gnoll hits you from afar with a +0 spear.
You die...

#.. #.#### ## #.#..
. #.#)####.#
.######.#)#..#.##.##
.........)...S......
######.#.#.<#....
#)#.##)# . #h#......
#)##...### #gw.....
........ ........#
.........# ........
#....#####


You could see a gnoll and a dart slug.

Vanquished Creatures
  Pargi (Sewer)
  Crazy Yiuf (D:3)
  A gnoll bouda (D:4)
  A hound (D:4)
  A sleepcap (D:3)
  Jessica (D:3)
  3 gnolls (D:4)
  4 adders
  2 worms
  5 dart slugs
  11 orcs
  9 endoplasms (D:1)
  6 giant cockroaches
  7 goblins
  4 hobgoblins
  5 jackals
  A kobold (D:2)
  2 quokkas
  5 ball pythons
  4 bats
  6 frilled lizards
  8 rats
88 creatures vanquished.

Notes
Turn   | Place    | Note
-------+----------+-------------------------------------------
     0 | D:1      | Maxmaps the Octopode Shapeshifter began the quest for the
                  | Orb.
     0 | D:1      | Reached XP level 1. HP: 13/13 MP: 1/1
   146 | D:1      | Reached XP level 2. HP: 13/18 MP: 2/2
   454 | D:1      | Reached XP level 3. HP: 22/23 MP: 3/3
   515 | D:1      | Reached skill level 4 in Shapeshifting
  1140 | D:2      | Reached XP level 4. HP: 16/28 MP: 4/4
  1322 | D:2      | Found Runwanis's Weapon Boutique.
  2155 | D:3      | Found a broken altar of Ashenzari.
  2195 | D:3      | Reached skill level 5 in Shapeshifting
  2339 | D:3      | Found a glowing drain.
  2349 | D:3      | Reached skill level 1 in Short Blades
  2349 | D:3      | Reached XP level 5. HP: 27/33 MP: 5/5
  2356 | Sewer    | Entered a sewer
  2446 | Sewer    | Noticed Pargi
  2461 | Sewer    | Killed Pargi
  2787 | D:3      | Noticed Jessica
  2795 | D:3      | Reached XP level 6. HP: 34/38 MP: 6/6
  2817 | D:3      | Killed Jessica
  3026 | D:3      | Found a runed translucent door.
  3027 | D:3      | Noticed Crazy Yiuf
  3271 | D:3      | Killed Crazy Yiuf
  3639 | D:4      | Slain by a gnoll

Illustrated notes

Levels and vault maps discovered:
D:1:      sevenhm_arrival_forest_fort_small_4, layout_loops_corners
D:2:      layout_basic, serial_shops, shop_statue
D:3:      layout_loops_corners, mainiacjoe_overflow_concentric_impassable,
          portal_sewer_entry_f, hangedman_decor_clover_reticule,
          nicolae_twisty_statue_hallways, uniq_crazy_yiuf_cottage, uniq_jessica
D:4:      layout_basic, xom_teletrap_fun, grunt_qazlal_sundering

Skill      XL: |  1  2  3  4  5  6 |
---------------+-------------------+-----
Shapeshifting  | 4 5 |  5.0
Short Blades   | 1 3 4 |  4.9
Fighting       | |  1.0
Dodging        | |  2.0
Unarmed Combat | |  3.0

Action                     |  1- 3 |  4- 6 || total
---------------------------+-------+-------++-------
  Melee: Unarmed           |    67 |    24 ||    91
         Constrict         |    17 |    28 ||    45
         Tentacles         |    11 |    17 ||    28
         Punch             |     3 |     6 ||     9
         Dagger            |       |    73 ||    73
    Use: Scroll            |       |    12 ||    12
         Potion            |       |     3 ||     3
   Stab: Sleeping          |     9 |    13 ||    22
 Armour: Skin              |    22 |    59 ||    81
  Dodge: Dodged            |    30 |    47 ||    77

Table legend: (Time is in decaauts)
 A = Elapsed time spent in this place.
 B = Non-inter-level travel time spent in this place.
 C = Inter-level travel time spent in this place.
 D = Time resting spent in this place.
 E = Time spent auto-exploring this place.
 F = Levels seen in this place.
 G = Mean time per level.
                   A        B        C        D        E       F      G
               +--------+--------+--------+--------+--------+-----+--------+
         Total |   3624 |   3372 |    252 |    391 |   2492 |   5 |  724.8 |
       Dungeon |   3263 |   3011 |    252 |    181 |   2396 |   4 |  815.8 |
         Sewer |    361 |    361 |      0 |    210 |     96 |   1 |  361.0 |
               +--------+--------+--------+--------+--------+-----+--------+

Top non-repeatable levels by time:
     D:3: 1270 daAuts
     D:1: 1029 daAuts
     D:2: 918 daAuts
   Sewer: 361 daAuts
     D:4: 45 daAuts
